 Dungeon Crawl Stone Soup version 0.13.0-13-g27bfa31 (webtiles) character file.

502538 Kejsarherre the Peltast (level 24, -1/156 HPs)
             Began as a Gargoyle Monk on Oct 19, 2013.
             Was a High Priest of Okawaru.
             Slain by a flayed ghost (14 damage)
             ... summoned by a curse skull
             ... while paralysed by a vampire knight
             ... on Level 5 of the Crypt.
             The game lasted 04:53:52 (71602 turns).

Kejsarherre the Peltast (Gargoyle Monk)            Turns: 71602, Time: 04:53:52

HP  -1/156       AC 43     Str 24      XL: 24   Next: 87%
MP  31/33        EV  2     Int 21      God: Okawaru [*****.]
Gold 3702        SH  0     Dex 13      Spells:  6 memorised, 12 levels left

Res.Fire  : + + .   See Invis. : +   t - +8 eveningstar (holy)
Res.Cold  : + + .   Warding    : .   X - +6 mottled dragon armour
Life Prot.: + + .   Conserve   : +   b - -3 large shield "Ygaiph" {rF++}
Res.Poison: +       Res.Corr.  : .   h - +2 helmet {SInv}
Res.Elec. : +       Clarity    : .   O - +1 cloak "Thrallu" {rC+ Str+4 Dex-1 Dam+4}
Sust.Abil.: . .     Spirit.Shd : .   u - +1 pair of gloves of the Exiled Spirits {rC+ Dex+2 Curse}
Res.Mut.  : .       Stasis     : .   c - +1 pair of elf boots {run}
Res.Rott. : +       Flight     : +   y - amulet of conservation
Saprovore : . . .                    o - ring of positive energy
                                     V - +3 ring of strength

@: paralysed, regenerating, about to teleport, flying, studying Maces & Flails,
quick, somewhat resistant to hostile enchantments, fairly stealthy
A: large and strong wings, fangs 1, talons 2, life protection 1, electricity
resistance, slow metabolism 1, unbreathing, petrification resistance, AC +18
a: Stop Flying, Heroism, Finesse, Renounce Religion
}: 3/15 runes: barnacled, silver, gossamer


You were on level 5 of the Crypt.
You worshipped Okawaru.
Okawaru was extremely pleased with you.
You were not hungry.

You visited 8 branches of the dungeon, and saw 58 of its levels.
You visited the Abyss 1 time.
You also visited: Labyrinth.

You collected 5418 gold pieces.
You spent 1716 gold pieces at shops.

Inventory:

Hand weapons
 t - a +8,+8 eveningstar of holy wrath (weapon)
Armour
 b - the -3 large shield "Ygaiph" (worn) {rF++}
   (You acquired it on level 1 of the Crypt)

   It greatly protects you from fire.
 c - a +1 pair of elven boots of running (worn)
 f - a +2 cloak of preservation
 h - a +2 helmet of see invisible (worn)
 u - the +1 pair of gloves of the Exiled Spirits (worn) {rC+ Dex+2 Curse}
   (You found it on level 5 of the Lair of Beasts)

   It affects your dexterity (+2).
   It protects you from cold.
   It may recurse itself.
 O - the +1 cloak "Thrallu" (worn) {rC+ Str+4 Dex-1 Dam+4}
   (You acquired it on level 8 of the Lair of Beasts)

   It affects your strength (+4).
   It affects your dexterity (-1).
   It affects your damage-dealing abilities (+4).
   It protects you from cold.
 X - a +6 mottled dragon armour (worn)
Magical devices
 s - a wand of fire (0)
 x - a wand of cold (3)
 B - a wand of digging (6)
 N - a wand of disintegration (7)
 R - a wand of disintegration (10)
 S - a wand of teleportation (5)
Comestibles
 r - 5 bread rations
Scrolls
 a - 3 scrolls of fog
 e - 13 scrolls of teleportation
 m - 8 scrolls of magic mapping
 p - a scroll of summoning
 w - 2 scrolls of holy word
 z - a scroll of enchant armour
 D - a scroll of vulnerability
 E - a scroll of silence
 G - 12 scrolls of remove curse
 M - 7 scrolls of identify
 P - a scroll of blinking
 Q - 2 scrolls of fear
Jewellery
 o - a ring of positive energy (right hand)
 y - an amulet of conservation (around neck)
 A - an uncursed ring of protection from cold
 V - a +3 ring of strength (left hand)
 Z - an uncursed amulet of resist mutation
Potions
 d - 6 potions of invisibility
 g - 4 potions of curing
 i - a potion of agility
 k - a potion of resistance
 l - a potion of magic
 q - a potion of brilliance
 F - 5 potions of berserk rage
 H - 3 potions of speed
 K - a potion of restore abilities
 U - 2 potions of heal wounds
Books
 j - a Necronomicon {highlevel}

   This book is beyond your current level of understanding.

   Spells                             Type                      Level
   Borgnjor's Revivification          Necromancy                   7
   Haunt                              Necromancy/Summoning         7
   Death's Door                       Charms/Necromancy            8
   Necromutation                      Transmutation/Necromancy     8
 n - a book of Summonings

   Spells                             Type                      Level
   Abjuration                         Summoning                    3
   *Recall                            Summoning/Translocation      3
   Summon Elemental                   Summoning                    4
   Shadow Creatures                   Summoning                    5
   Summon Demon                       Summoning                    5
   Summon Ugly Thing                  Summoning                    6
 v - the Tome of Necromancy and Good Luck
   (You found it on level 1 of the Crypt)

   Spells                             Type                      Level
   Animate Skeleton                   Necromancy                   1
   *Regeneration                      Charms/Necromancy            3
   Vampiric Draining                  Necromancy                   3
   Control Undead                     Necromancy                   4
   Excruciating Wounds                Charms/Necromancy            5
   Agony                              Necromancy                   5
   Twisted Resurrection               Necromancy                   5
   Bolt of Draining                   Conjuration/Necromancy       6
 C - a book of Power

   Spells                             Type                      Level
   Iskenderun's Mystic Blast          Conjuration                  4
   Venom Bolt                         Conjuration/Poison           5
   Bolt of Magma                      Conjuration/Fire/Earth       5
   Fulminant Prism                    Conjuration/Hexes            5
   Iron Shot                          Conjuration/Earth            6
   Orb of Destruction                 Conjuration                  7
 L - Vehumet's Guide on Attacks
   (You found it on level 5 of the Vaults)

   Spells                             Type                      Level
   Flame Tongue                       Conjuration/Fire             1
   Magic Dart                         Conjuration                  1
   Throw Frost                        Conjuration/Ice              2
   Static Discharge                   Conjuration/Air              3
   Orb of Destruction                 Conjuration                  7
 Y - a manual of Maces & Flails
Miscellaneous
 I - a fan of gales
 J - a stone of tremors
 T - a box of beasts
 W - a box of beasts


   Skills:
 - Level 15.7 Fighting
 - Level 17.7 Maces & Flails
 - Level 9.1 Armour
 - Level 2.4 Dodging
 - Level 2.1 Stealth
 + Level 22.4 Shields
 - Level 4.3 Unarmed Combat
 - Level 6.4 Spellcasting
 - Level 15.4 Conjurations
 - Level 10.8 Charms
 * Level 6.3 Translocations
 - Level 14.4 Ice Magic
 - Level 14.5 Air Magic
 - Level 7.2 Invocations
 - Level 4.0 Evocations


You had 12 spell levels left.
You knew the following spells:

 Your Spells              Type           Power        Failure   Level  Hunger
a - Mephitic Cloud        Conj/Pois/Air  #####...     1%          3    ##.....
b - Freezing Cloud        Conj/Ice/Air   ######....   4%          6    ######.
c - Swiftness             Chrm/Air       ######....   1%          2    None
d - Deflect Missiles      Chrm/Air       ######....   10%         6    ######.
e - Recall                Summ/Tloc      N/A          10%         3    ##.....
f - Regeneration          Chrm/Necr      ####......   2%          3    ##.....


Dungeon Overview and Level Annotations

Branches:
Dungeon (20/27)            Temple (0/1) D:6             Orc (4/4) D:6
    Elf (0/3) Orc:4          Lair (8/8) D:11         Shoals (5/5) Lair:6
 Spider (5/5) Lair:5        Slime (6/6) Lair:6       Vaults (5/5) D:20
  Blade (0/1) Vaults:3      Crypt (5/5) Vaults:3       Tomb (0/3) Crypt:2

Altars:
Elyvilon
Fedhas
Kikubaaqudgha
Nemelex Xobeh
Okawaru
Sif Muna
Trog
Xom
Yredelemnul
Zin
the Shining One
Jiyva

Shops:
D:6 ?   D:7 ?   D:12 /[?   D:17 *   Orc:1 [   Orc:2 %=*!   Orc:4 (/[/
Shoals:3 }   Vaults:4 %   Vaults:5 +

Portals:
Trove: D:10 (show horn of Geryon)

Annotations:
Slime:6 Royal Jelly


Innate Abilities, Weirdness & Mutations

You are resistant to torment.
You are immune to poison.
You can fly continuously.
Your stone body is very resilient (AC +17).
Your wings are large and strong.
You have very sharp teeth.
You have razor-sharp toenails.
You resist negative energy.
You are resistant to electric shocks.
You have a slow metabolism.
You can survive without breathing.
You are immune to petrification.
You are partially covered in rugged brown scales (AC +1, +3% HP).


Message History

* * * LOW HITPOINT WARNING * * *
The vampire knight hits you with a runed morningstar!
* * * LOW HITPOINT WARNING * * *
The vampire knight bites you but does no damage.
The flayed ghost hits you but does no damage.
The fire giant zombie hits you but does no damage.
The shadow hits you.
* * * LOW HITPOINT WARNING * * *
The phantasmal warrior hits you.
* * * LOW HITPOINT WARNING * * *
The wight hits you but does no damage.
The flayed ghost hits you but does no damage.
The vampire knight hits you but does no damage.
The vampire knight bites you but does no damage.
The fire giant zombie hits you but does no damage.
The shadow hits you.
* * * LOW HITPOINT WARNING * * *
The phantasmal warrior hits you but does no damage.
The wight hits you but does no damage. The flayed ghost hits you!
You die...

#..(.....#.......≈#
##############........#ZW.......
...........?..z....z..V.....Lz...
.............M#§.....z.M...pZ..W.
.............##......##...##...##
...........W.##......##...# ..#
####.....######.)^...##...# ##
####.....########################
............ZWzV@Z...............
.8.........8Z#zWpp...............
............(#ZVz................
.8.........8.########.......#####
.............# ##.....##
.8.........8.# #^...^#
.............# ##.....##
.8.8.....8.8.# #####.......#####
.....).......# .................


You could see a vampire knight (invisible), a jiangshi, a flayed ghost, a curse
skull, a shadow wraith (invisible), a phantasmal warrior, a shadow, 2 wights, an
iron troll zombie, a stone giant zombie, a fire giant zombie and a fire giant
skeleton.

Vanquished Creatures
  Khufu (Vaults:3)
  2 greater mummies
  Saint Roka (D:18)
  Margery (Crypt:3)
  Mara (Spider:5)
  Mennas (Shoals:5)
  3 golden dragons
  Jory (Crypt:2)
  Xtahua (Spider:5)
  2 bone dragons
  Frederick (Crypt:3)
  Arachne (Spider:5)
  4 liches
  A tentacled monstrosity (Vaults:5)
  An Ice Fiend (Crypt:5)
  An acid blob (shapeshifter) (Vaults:5)
  A titan (Vaults:5)
  3 krakens
  A storm dragon (Vaults:5)
  A sphinx (D:20)
  3 acid blobs
  7 ancient champions
  Rupert (D:17)
  Agnes (Shoals:5)
  4 tengu reavers (Vaults:5)
  Kirke (Shoals:3)
  4 revenants
  6 shadow dragons
  Ilsuiw (Shoals:5)
  A ghost moth (Spider:5)
  Donald (Spider:2)
  Wiglaf (Shoals:5)
  A frost giant (Vaults:5)
  4 azure jellies
  The ghost of HungrySpirit the Imperceptible, a mighty SpAK of Lugonu (Spider:5)
  6 ghouls
  4 emperor scorpions
  Aizul (Shoals:1)
  Louise (Spider:3)
  An iron dragon (D:18)
  2 curse skulls
  12 vault wardens
  Jorgrun (Crypt:2)
  A spectral human (Crypt:3)
  6 eidola
  4 vampire knights
  2 deep elf annihilators
  23 stone giants
  Azrael (Spider:3)
  An unborn (Crypt:4)
  4 merfolk javelineers
  3 deep elf death magi
  6 ettins
  12 jiangshi
  4 merfolk impalers
  A death ooze (Slime:6)
  6 dragons
  30 vault guards
  22 yaktaur captains
  A great orb of eyes (shapeshifter) (Vaults:5)
  A dragon (shapeshifter) (Vaults:5)
  15 ironheart preservers
  A small abomination (Vaults:4)
  An ice dragon (Vaults:1)
  3 sirens
  A hydra (shapeshifter) (Vaults:3)
  4 great orbs of eyes
  A quicksilver dragon skeleton (Crypt:2)
  2 merfolk aquamancers (Shoals:5)
  12 ogre magi
  Josephine (D:11)
  9 hydras
  A ravenous item mimic (Vaults:1)
  Nessos (D:12)
  A deep troll shaman (Lair:8)
  A minotaur (Lab)
  4 ravenous feature mimics
  3 dancing weapons
  A spectral sphinx (Crypt:4)
  2 spectral stone giants
  3 plague shamblers
  3 vampire magi
  4 deep dwarf death knights
  A rakshasa (Vaults:1)
  2 spectral elves
  The ghost of WildSam the Martial Artist, an experienced DsMo of Okawaru (D:9)
  A fire crab (Vaults:4)
  9 death yaks
  A spectral storm dragon (Crypt:3)
  2 soul eaters
  10 very ugly things (Vaults:4)
  3 orc high priests (Orc:4)
  21 centaur warriors
  Nergalle (Lair:5)
  3 storm dragon zombies (Crypt:5)
  38 skeletal warriors
  4 iron trolls
  4 catoblepae
  9 hell knights
  5 unseen horrors
  5 shadow wraiths
  3 deep elf knights
  A spectral anaconda (Crypt:3)
  3 storm dragon skeletons
  13 sea snakes
  6 deep trolls
  24 orc knights
  A giant orange brain (Slime:4)
  10 flayed ghosts
  A lindwurm (Lair:8)
  A tengu zombie (Vaults:5)
  16 hill giants
  An anaconda skeleton (Crypt:1)
  10 giant amoebae
  43 wolf spiders
  2 shadow dragon zombies (Vaults:3)
  A very ugly thing zombie (Crypt:3)
  10 flaming corpses
  20 ironbrand convokers
  A sphinx zombie (D:19)
  12 cyclopes
  An elf (shapeshifter) (D:17)
  2 wolf spider zombies
  2 wolf spiders (shapeshifter) (Vaults:5)
  A red wasp (shapeshifter) (Vaults:1)
  16 phantasmal warriors
  5 shining eyes
  19 harpies
  A red wasp (Vaults:5)
  A very ugly thing skeleton (Crypt:4)
  9 necromancers
  7 griffons
  13 stone giant zombies
  A spectral alligator snapping turtle (Crypt:5)
  3 spiny worms
  2 moths of wrath
  A sphinx skeleton (Vaults:1)
  4 orc sorcerers (Orc:4)
  2 oklob plants
  5 stone golems
  2 fire giant skeletons
  A spectral iron troll (Crypt:3)
  Maurice (D:12)
  A guardian serpent (shapeshifter) (Vaults:2)
  A human skeleton (Vaults:5)
  14 stone giant skeletons
  A frost giant skeleton (Vaults:3)
  4 dire elephant zombies
  A deep elf summoner (D:20)
  3 eyes of devastation
  13 vault sentinels
  13 elephants
  10 spiny frogs
  A feature mimic (Lair:8)
  2 redback zombies
  A sea snake zombie (Crypt:4)
  21 orb spiders
  3 yaktaur zombies (Vaults:5)
  A centaur zombie (Vaults:4)
  A queen bee (D:9)
  3 iron troll zombies
  22 yaktaurs
  5 fire drakes
  14 demonic crawlers
  13 mermaids
  2 silent spectres
  38 jumping spiders
  A komodo dragon (shapeshifter) (Vaults:4)
  A yaktaur (shapeshifter) (D:19)
  A spectral deep dwarf (Crypt:4)
  A hydra zombie (D:10)
  A blue devil (Orc:4)
  13 trolls
  4 iron troll skeletons
  A queen bee (shapeshifter) (D:15)
  Sonja (D:13)
  13 snapping turtles
  4 black mambas
  5 komodo dragons
  A deep elf priest (Vaults:4)
  15 two-headed ogres
  A snapping turtle (shapeshifter) (Vaults:4)
  An alligator zombie (Crypt:2)
  2 ettin zombies
  A hydra skeleton (D:16)
  2 stone giant simulacra
  A red wasp zombie (Crypt:5)
  3 deep elf magi
  A spectral red wasp (Crypt:3)
  A boulder beetle (shapeshifter) (Vaults:5)
  6 brown oozes
  73 slime creatures
  5 spectral orcs (Lair:5)
  3 boulder beetles
  2 black mamba zombies
  An ice dragon zombie (Crypt:2)
  A trapdoor spider zombie (D:11)
  A spectral spiny worm (Crypt:1)
  21 trapdoor spiders
  2 baby alligators (shapeshifter)
  10 wraiths
  A griffon skeleton (Crypt:4)
  A grizzly bear (Lair:8)
  22 blink frogs
  A frost giant simulacrum (Crypt:4)
  41 flying skulls
  6 basilisks
  6 ettin skeletons
  48 redbacks
  2 orc zombies (Orc:4)
  2 water elementals
  A spectral yaktaur (Crypt:5)
  25 tarantellas
  44 vampires
  A wind drake zombie (Crypt:1)
  3 fire elementals (Spider:3)
  57 yaks
  14 hungry ghosts
  A hill giant zombie (D:11)
  20 hippogriffs
  31 merfolk
  10 shadows
  2 wyverns
  4 spiny worm zombies
  65 ugly things
  16 vampire mosquitoes
  A giant firefly zombie (Crypt:4)
  A neqoxec (Orc:4)
  Grum (D:11)
  A golden eye (Slime:6)
  A clay golem (Vaults:2)
  An ugly thing skeleton (Crypt:4)
  2 yaks (shapeshifter) (Vaults:5)
  5 deep elf fighters
  19 manticores
  A rock worm (Vaults:4)
  A hog (shapeshifter) (Vaults:5)
  36 wolves
  2 agate snail zombies
  4 hill giant skeletons
  3 hogs
  8 mottled dragons
  An elephant slug (Lair:4)
  2 deep troll zombies
  2 ogre zombies (Vaults:5)
  8 sharks
  8 sky beasts
  An orange crystal statue (Vaults:2)
  3 hell hounds (Spider:3)
  A faun zombie (Crypt:4)
  2 soldier ants
  3 deep troll skeletons
  A red wasp simulacrum (Vaults:1)
  6 necrophages
  8 porcupines
  13 freezing wraiths
  A swamp dragon zombie (Crypt:2)
  44 ogres
  19 humans
  2 ice beasts
  5 phantoms
  A yellow wasp (Lair:4)
  3 black bears
  8 giant goldfish
  29 centaurs
  8 wargs
  A fire crab zombie (Vaults:4)
  A rotting devil (Orc:4)
  Sigmund (D:7)
  14 crocodiles
  A big kobold (D:11)
  7 human zombies
  10 water moccasins
  2 giant slug zombies
  A spectral boulder beetle (Crypt:3)
  14 giant slugs
  3 yaktaur skeletons
  A deep troll simulacrum (Crypt:2)
  A gnoll sergeant (D:13)
  2 earth elementals (D:18)
  A wyvern skeleton (D:9)
  20 giant frogs
  A brain worm (D:15)
  3 boring beetles
  11 agate snails
  A boulder beetle zombie (Crypt:5)
  3 spectral rock worms (D:18)
  A shapeshifter (Crypt:3)
  10 killer bees (D:9)
  A spectral boring beetle (Crypt:3)
  7 eyes of draining
  A polar bear zombie (Crypt:3)
  A troll zombie (D:11)
  A komodo dragon simulacrum (D:14)
  A pulsating lump (shapeshifter) (D:20)
  3 yak skeletons
  2 yak zombies
  37 orc warriors
  16 wights
  4 electric eels
  10 crimson imps
  11 jellies
  A fire crab simulacrum (Crypt:2)
  6 goliath beetles
  2 grizzly bear skeletons
  28 spiders
  2 giant frog zombies
  2 pulsating lumps (Lair:6)
  3 quasits
  A yaktaur simulacrum (Crypt:1)
  3 iguanas
  10 hounds
  3 giant frog skeletons
  Crazy Yiuf (D:6)
  A centaur skeleton (D:8)
  An octopode zombie (Crypt:2)
  19 orc priests
  3 big fish
  27 orc wizards
  A water moccasin skeleton (D:6)
  A two-headed ogre skeleton (Crypt:1)
  A shapeshifter simulacrum (D:17)
  7 scorpions
  A porcupine zombie (Crypt:1)
  6 worker ants
  14 sheep
  12 jellyfish
  Ijyb (D:2)
  10 boggarts
  2 mottled dragon skeletons
  7 mummies
  A big kobold skeleton (Crypt:1)
  A deep dwarf skeleton (Crypt:2)
  A swamp drake zombie (Crypt:1)
  A worker ant zombie (Crypt:1)
  A lemure (Vaults:5)
  20 gnolls
  An orange rat skeleton (Crypt:5)
  17 adders
  A shadow imp (Vaults:5)
  7 giant centipedes
  8 giant mites
  17 green rats
  4 worms
  A worm (shapeshifter) (Vaults:5)
  An ufetubus (Vaults:5)
  An iguana skeleton (D:8)
  An adder skeleton (D:7)
  3 giant eyeballs
  An iguana zombie (Crypt:5)
  4 oozes
  171 orcs
  3 ball pythons
  24 bats
  A bat zombie (D:7)
  3 giant cockroaches
  17 goblins
  14 hobgoblins
  19 jackals
  25 kobolds
  8 quokkas
  4 giant geckos
  A giant gecko skeleton (D:7)
  7 giant newts
  A hobgoblin skeleton (D:5)
  3 illusory rakshasas (Vaults:1)
  A jackal skeleton (Crypt:3)
  2 kobold zombies
  An orc skeleton (Crypt:3)
  A quokka zombie (D:9)
  16 rats
  6 rat skeletons (Orc:4)
  A ballistomycete (D:7)
  A bush (Lair:5)
  2 fungi
  2 plants
  10 tentacles
  A tentacle segment (Shoals:1)
2590 creatures vanquished.

Vanquished Creatures (collateral kills)
  An ironheart preserver (Vaults:5)
  2 redbacks (Spider:4)
  A rat (D:5)
4 creatures vanquished.

Vanquished Creatures (others)
  2 necromancers
  A wolf spider (Spider:5)
  2 trapdoor spiders (Spider:5)
  A vampire (Crypt:5)
  A redback (Spider:1)
  A merfolk (Shoals:5)
  An orc warrior (Vaults:5)
  An ogre (Vaults:5)
  11 lost souls
  A spider (Spider:4)
  A human (Shoals:3)
  An orc (Orc:4)
  A giant spore (D:7)
  5 rat skeletons (Orc:4)
  23 fungi (Lair:8)
  24 plants
  37 tentacles
  832 tentacle segments
946 creatures vanquished.

Grand Total: 3540 creatures vanquished

Notes
Turn   | Place    | Note
--------------------------------------------------------------
     0 | D:1      | Kejsarherre, the Gargoyle Monk, began the quest for the Orb.
     0 | D:1      | Reached XP level 1. HP: 12/12 MP: 0/0
    56 | D:1      | Reached XP level 2. HP: 12/17 MP: 1/1
   620 | D:1      | Reached XP level 3. HP: 19/22 MP: 2/2
   757 | D:2      | Noticed Ijyb
   784 | D:2      | Killed Ijyb
   784 | D:2      | Reached skill level 1 in Armour
   863 | D:2      | Reached XP level 4. HP: 21/28 MP: 3/3
  1654 | D:3      | Reached skill level 5 in Fighting
  1793 | D:3      | Reached XP level 5. HP: 32/32 MP: 4/4
  1939 | D:3      | Noticed an ice beast
  2377 | D:3      | Reached skill level 1 in Maces & Flails
  2588 | D:3      | Killed an ice beast
  2588 | D:3      | Reached XP level 6. HP: 10/38 MP: 5/5
  3394 | D:4      | Reached skill level 6 in Fighting
  3705 | D:4      | Reached XP level 7. HP: 35/43 MP: 6/6
  3777 | D:4      | Found a blossoming altar of Fedhas.
  4262 | D:5      | Entered Level 5 of the Dungeon
  4305 | D:5      | Reached skill level 5 in Armour
  4541 | D:5      | Found an iron altar of Okawaru.
  4552 | D:5      | Became a worshipper of Warmaster Okawaru
  4552 | D:5      | Acquired Okawaru's first power
  4880 | D:5      | Reached XP level 8. HP: 27/48 MP: 7/7
  4885 | D:5      | Reached skill level 5 in Maces & Flails
  5080 | D:6      | Found a staircase to the Orcish Mines.
  5187 | D:6      | Found a staircase to the Ecumenical Temple.
  5366 | D:6      | Found Abuin's Magic Scroll Emporium.
  5378 | D:6      | Bought a scroll of enchant armour for 60 gold pieces
  5378 | D:6      | Bought a scroll of enchant armour for 60 gold pieces
  5378 | D:6      | Bought a scroll of identify for 22 gold pieces
  5378 | D:6      | Bought a scroll of identify for 22 gold pieces
  5511 | D:6      | Reached skill level 7 in Maces & Flails
  5567 | D:6      | Found a bloodstained altar of Trog.
  5572 | D:6      | Found a sparkling altar of Nemelex Xobeh.
  5662 | D:6      | Noticed Crazy Yiuf
  5672 | D:6      | Killed Crazy Yiuf
  5924 | D:7      | Noticed Sigmund
  5976 | D:7      | Killed Sigmund
  6022 | D:7      | Found a white marble altar of Elyvilon.
  6023 | D:7      | Found a glowing silver altar of Zin.
  6181 | D:7      | Reached XP level 9. HP: 40/54 MP: 8/8
  6181 | D:7      | Reached skill level 8 in Maces & Flails
  6462 | D:7      | Found a glowing silver altar of Zin.
  6700 | D:7      | Reached skill level 9 in Maces & Flails
  7049 | D:7      | Found a glowing golden altar of the Shining One.
  7116 | D:7      | Found Honn's Magic Scroll Shop.
  7119 | D:7      | Bought a scroll of identify for 24 gold pieces
  7119 | D:7      | Bought a scroll of identify for 24 gold pieces
  7137 | D:7      | Reached skill level 10 in Maces & Flails
  7632 | D:8      | Found a shimmering altar of Xom.
  7641 | D:8      | Reached XP level 10. HP: 40/60 MP: 0/9
  7734 | D:8      | Reached skill level 11 in Maces & Flails
  8263 | D:9      | Noticed WildSam's ghost (experienced DsMo)
  8843 | D:9      | Killed WildSam's ghost
  8878 | D:9      | Reached skill level 12 in Maces & Flails
  8931 | D:9      | Learned a level 3 spell: Mephitic Cloud
  8995 | D:9      | Reached skill level 1 in Conjurations
  9062 | D:9      | Acquired Okawaru's second power
  9103 | D:9      | Identified a cursed +0 rod of fiery destruction (12/12) (You found it on level 9 of the Dungeon)
  9245 | D:9      | Reached skill level 1 in Spellcasting
  9286 | D:9      | Found a basalt altar of Yredelemnul.
  9468 | D:9      | Reached skill level 1 in Evocations
  9617 | D:10     | Entered Level 10 of the Dungeon
  9652 | D:10     | Noticed a five-headed hydra
  9655 | D:10     | Noticed a skeletal warrior
  9679 | D:10     | Reached XP level 11. HP: 62/66 MP: 13/15
  9688 | D:10     | Killed a five-headed hydra
  9690 | D:10     | Received a gift from Okawaru
  9765 | D:10     | Killed a skeletal warrior
  9782 | D:10     | Identified the Volume of Freezing Battle Magic
 10035 | D:10     | Reached skill level 13 in Maces & Flails
 10053 | D:10     | Noticed a hill giant
 10069 | D:10     | Killed a hill giant
 10182 | D:10     | Found a portal to a secret trove of treasure.
 10579 | D:11     | Noticed Josephine
 10648 | D:10     | Gained mutation: You are partially covered in rugged brown scales (AC +1, +3% HP). [mutagenic meat]
 10748 | D:11     | Killed Josephine
 11273 | D:11     | Noticed Grum
 11291 | D:11     | Killed Grum
 11300 | D:11     | Reached skill level 5 in Conjurations
 11300 | D:11     | Reached XP level 12. HP: 38/74 MP: 18/20
 11512 | D:11     | Noticed an eight-headed hydra
 11793 | D:11     | Found a staircase to the Lair.
 11811 | Lair:1   | Entered Level 1 of the Lair of Beasts
 11824 | Lair:1   | Received a gift from Okawaru
 11827 | Lair:1   | Got an ancient dire flail {god gift}
 11829 | Lair:1   | Identified the dire flail of Urgency {god gift, drain, rElec} (Okawaru gifted it to you on level 1 of the Lair of Beasts)
 11932 | Lair:1   | Reached skill level 10 in Fighting
 12000 | Lair:1   | Noticed an eight-headed hydra
 12011 | Lair:1   | Killed an eight-headed hydra
 12197 | Lair:1   | Got a faintly glowing cloak
 12201 | Lair:1   | Identified the +0 cloak of Omission {rElec} (You found it on level 1 of the Lair of Beasts)
 12647 | Lair:2   | Learned a level 6 spell: Freezing Cloud
 12749 | Lair:2   | Noticed a seven-headed hydra
 12758 | Lair:2   | Killed a seven-headed hydra
 12758 | Lair:2   | Reached skill level 1 in Ice Magic
 12981 | Lair:2   | Received a gift from Okawaru
 12981 | Lair:2   | Reached skill level 5 in Spellcasting
 14360 | Lair:4   | Found a labyrinth entrance.
 14368 | Lair:4   | Reached XP level 13. HP: 64/82 MP: 24/24
 14407 | Lab      | Entered a labyrinth
 14665 | Lab      | Noticed a minotaur
 14673 | Lab      | Killed a minotaur
 14676 | Lab      | Got a scintillating wooden ring
 14878 | Lair:4   | Identified the Compendium of Sinister Arts and Summoning
 15662 | Lair:4   | Reached skill level 1 in Invocations
 16243 | Lair:5   | Found a hole to the Spider Nest.
 16277 | Lair:5   | Noticed Nergalle
 16302 | Lair:5   | Killed Nergalle
 16352 | Lair:5   | Got a pair of heavily runed gloves
 16356 | Lair:5   | Identified the +1 pair of gloves of the Exiled Spirits {rC+ Dex+2 Curse} (You found it on level 5 of the Lair of Beasts)
 16493 | Lair:5   | Identified the ring "Pnierell" {MP+9 Stlth+} (You found it in a labyrinth)
 16734 | Lair:6   | Found a staircase to the Slime Pits.
 16821 | Lair:6   | Found a staircase to the Shoals.
 16845 | Lair:6   | Received a gift from Okawaru
 16855 | Lair:6   | Got an ancient dire flail {god gift}
 16862 | Lair:6   | Identified the dire flail of Ethics {god gift, pain, -Cast +Blink} (Okawaru gifted it to you on level 6 of the Lair of Beasts)
 16948 | Lair:6   | Reached skill level 14 in Maces & Flails
 17865 | Lair:6   | Received a gift from Okawaru
 17868 | Lair:6   | Got a crude leather armour {god gift}
 17880 | Lair:6   | Identified the +2 leather armour "Koozach" {rPois rC+ rN+ Str+1 Dam+6} (Okawaru gifted it to you on level 6 of the Lair of Beasts)
 18750 | Lair:7   | Reached skill level 15 in Maces & Flails
 18750 | Lair:7   | Gained mutation: Your wings are large and strong. [gargoyle growth]
 18750 | Lair:7   | Reached XP level 14. HP: 55/89 MP: 26/26
 19024 | Lair:7   | Reached skill level 5 in Ice Magic
 19609 | Lair:8   | Entered Level 8 of the Lair of Beasts
 20068 | Lair:8   | Reached skill level 5 in Invocations
 20122 | Lair:8   | Received a gift from Okawaru
 20178 | Lair:8   | Got a crude robe {god gift}
 20449 | Lair:8   | Identified the -4 robe "Ghynwuo" {Str-1 Int+3} (Okawaru gifted it to you on level 8 of the Lair of Beasts)
 20829 | Lair:8   | Reached skill level 16 in Maces & Flails
 21717 | Lair:8   | Identified a scroll of acquirement
 21720 | Lair:8   | Got a crude cloak
 21724 | Lair:8   | Identified the +1 cloak "Thrallu" {rC+ Str+4 Dex-1 Dam+4} (You acquired it on level 8 of the Lair of Beasts)
 21735 | Lair:8   | Received a gift from Okawaru
 21738 | Lair:8   | Got a brightly glowing buckler {god gift}
 21925 | D:12     | Found Pajakaw's Magic Scroll Shop.
 21942 | D:12     | Learned a level 3 spell: Recall
 21954 | D:12     | Bought a scroll of acquirement for 780 gold pieces
 21954 | D:12     | Bought a scroll of identify for 30 gold pieces
 22200 | D:12     | Found Miux's Magical Wand Emporium.
 22289 | D:12     | Noticed Nessos
 22306 | D:12     | Killed Nessos
 22409 | D:12     | Noticed Maurice
 22485 | D:12     | Killed Maurice
 22616 | D:12     | Reached skill level 10 in Conjurations
 22669 | D:12     | Found Tupiluvy's Antique Armour Shoppe.
 23668 | Orc:1    | Entered Level 1 of the Orcish Mines
 23744 | Orc:1    | Reached XP level 15. HP: 84/94 MP: 27/27
 23752 | Orc:1    | Found a deep blue altar of Sif Muna.
 24027 | Lair:2   | Identified the +2 buckler of the Five Realms {+Blink +Inv rN+} (Okawaru gifted it to you on level 8 of the Lair of Beasts)
 24315 | Orc:1    | Found Oghal's Armour Shoppe.
 24717 | Orc:2    | Found Ezuts' General Store.
 24775 | Orc:2    | Found Caiha's Distillery.
 24798 | Orc:2    | Bought a potion of resistance for 112 gold pieces
 24951 | Orc:2    | Found Ashreg's Food Shoppe.
 25076 | Orc:2    | Found Lolatsam's Jewellery Shoppe.
 25436 | Orc:3    | Reached skill level 1 in Shields
 25573 | Orc:4    | Entered Level 4 of the Orcish Mines
 25619 | Orc:4    | Found a staircase to the Elven Halls.
 26349 | Orc:4    | Reached skill level 5 in Shields
 26591 | Orc:4    | Found Rufeloyth's Magical Wand Shop.
 26592 | Orc:4    | Found Taunt's Antique Armour Emporium.
 26593 | Orc:4    | Found Isohihug's Magical Wand Shop.
 26595 | Orc:4    | Found Olanat's Weapon Emporium.
 26609 | Orc:4    | Bought a pair of polished gloves for 198 gold pieces
 26609 | Orc:4    | Bought a runed large shield for 240 gold pieces
 26609 | Orc:4    | Bought a runed shield for 144 gold pieces
 26781 | Orc:4    | Identified the cursed +1 pair of gloves of Contentment {+Rage rElec rPois} (You bought it in a shop on level 4 of the Orcish Mines)
 27234 | Spider:1 | Entered Level 1 of the Spider Nest
 27500 | Spider:1 | Received a gift from Okawaru
 27503 | Spider:1 | Got a crude great mace {god gift}
 27511 | Spider:1 | Identified the great mace of Oozing Pus {god gift, crush, *Rage Str+2} (Okawaru gifted it to you on level 1 of the Spider Nest)
 28349 | Spider:2 | Received a gift from Okawaru
 28352 | Spider:2 | Got a pair of ichor-stained boots {god gift}
 28355 | Spider:2 | Identified the +2 pair of boots of Fortitude {Str+3} (Okawaru gifted it to you on level 2 of the Spider Nest)
 28639 | Spider:3 | Noticed Donald
 28654 | Spider:2 | Killed Donald
 28654 | Spider:2 | Reached skill level 10 in Shields
 28914 | Spider:3 | Noticed Louise
 28943 | Spider:3 | Cast into the Abyss (Louise)
 28977 | Spider:3 | Escaped the Abyss
 28981 | Spider:3 | Killed Louise
 29125 | Spider:3 | Reached XP level 16. HP: 60/103 MP: 28/28
 29366 | Spider:3 | Noticed Azrael
 29608 | Spider:3 | Killed Azrael
 29804 | Spider:4 | Received a gift from Okawaru
 29808 | Spider:4 | Got a jewelled eveningstar {god gift}
 29810 | Spider:4 | Identified the eveningstar "Psuod" {god gift, crush, rF- rN+} (Okawaru gifted it to you on level 4 of the Spider Nest)
 29968 | Spider:4 | Identified the Disquisition on Aid
 30360 | Spider:5 | Entered Level 5 of the Spider Nest
 30457 | Spider:5 | Noticed HungrySpirit's ghost (mighty SpAK)
 30459 | Spider:5 | Noticed Xtahua
 30818 | Spider:5 | Killed Xtahua
 30842 | Spider:5 | Noticed Arachne
 30864 | Spider:5 | Killed Arachne
 30864 | Spider:5 | Received a gift from Okawaru
 31952 | Spider:5 | Killed HungrySpirit's ghost
 32561 | Spider:5 | Reached XP level 17. HP: 38/111 MP: 22/29
 32840 | Spider:5 | Got a gossamer rune of Zot
 32852 | Spider:5 | Reached skill level 17 in Maces & Flails
 32927 | Spider:5 | Noticed Mara
 32944 | Spider:5 | Killed Mara
 32944 | Spider:5 | Received a gift from Okawaru
 32944 | Spider:5 | Reached skill level 15 in Fighting
 33299 | Lair:2   | Learned a level 2 spell: Swiftness
 33513 | D:13     | Noticed Sonja
 33779 | D:13     | Killed Sonja
 33879 | D:14     | Entered Level 14 of the Dungeon
 33939 | D:14     | Killed an eight-headed hydra
 34603 | D:15     | Entered Level 15 of the Dungeon
 34820 | D:15     | Noticed a golden dragon
 34831 | D:15     | Killed a golden dragon
 34931 | D:15     | Found a white marble altar of Elyvilon.
 36045 | D:17     | Noticed Rupert
 36068 | D:17     | Reached skill level 15 in Shields
 36082 | D:17     | Killed Rupert
 36092 | D:17     | Received a gift from Okawaru
 36105 | D:17     | Reached skill level 1 in Air Magic
 36131 | D:17     | Noticed Saint Roka
 36706 | D:18     | Killed Saint Roka
 36880 | D:17     | Reached XP level 18. HP: 107/119 MP: 30/30
 37118 | D:17     | Found Soagian's Serpentskin Sales.
 38057 | D:18     | Received a gift from Okawaru
 39342 | D:19     | Reached skill level 5 in Air Magic
 39818 | D:19     | Reached skill level 10 in Ice Magic
 39999 | D:20     | Entered Level 20 of the Dungeon
 39999 | D:20     | Found a staircase to the Vaults.
 40034 | D:19     | Received a gift from Okawaru
 41318 | D:20     | Identified a +1 rod of demonology (13/13) (You found it on level 20 of the Dungeon)
 42314 | D:20     | Reached XP level 19. HP: 98/124 MP: 30/30
 42374 | D:20     | Received a gift from Okawaru
 42378 | D:20     | Got a shimmering morningstar {god gift}
 42388 | D:20     | Identified the morningstar of the Spider Nest {god gift, pain, +Fly rPois Dex+1} (Okawaru gifted it to you on level 20 of the Dungeon)
 42617 | D:20     | Identified the Incunabulum of Ghastly Good Luck
 43594 | Shoals:1 | Entered Level 1 of the Shoals
 43625 | Shoals:1 | Noticed Aizul
 43657 | Shoals:1 | Killed Aizul
 44310 | Shoals:1 | Reached skill level 10 in Air Magic
 44574 | Shoals:1 | Received a gift from Okawaru
 44599 | Shoals:1 | Identified a +1 cloak of preservation (Okawaru gifted it to you on level 1 of the Shoals)
 44832 | Shoals:2 | Learned a level 6 spell: Deflect Missiles
 45106 | Shoals:3 | Found Skauger's Gadget Shoppe.
 45231 | Shoals:3 | Noticed Kirke
 45352 | Shoals:3 | Killed Kirke
 45395 | Shoals:4 | Reached skill level 1 in Charms
 45922 | Shoals:5 | Entered Level 5 of the Shoals
 45922 | Shoals:5 | Noticed Ilsuiw
 46520 | Shoals:5 | Killed Ilsuiw
 46595 | Shoals:5 | Noticed Mennas
 46664 | Shoals:5 | Killed Mennas
 46920 | Shoals:5 | Received a gift from Okawaru
 46925 | Shoals:5 | Got a dazzling leather armour {god gift}
 46934 | Shoals:5 | Identified the +2 leather armour of the Sea {Dex+2} (Okawaru gifted it to you on level 5 of the Shoals)
 47028 | Shoals:5 | Noticed Agnes
 47040 | Shoals:5 | Killed Agnes
 47330 | Shoals:5 | Reached XP level 20. HP: 34/131 MP: 22/31
 47345 | Shoals:5 | Got a barnacled rune of Zot
 47707 | Shoals:5 | Noticed Wiglaf
 47717 | Shoals:5 | Killed Wiglaf
 48292 | Vaults:1 | Entered Level 1 of the Vaults
 49080 | Vaults:1 | Got an ancient chain mail
 49081 | Vaults:1 | Identified the +3 chain mail "Xownod" {Stlth-} (You found it on level 1 of the Vaults)
 49289 | Vaults:1 | Reached skill level 5 in Charms
 49383 | Vaults:1 | Received a gift from Okawaru
 52910 | Vaults:3 | Found a staircase to the Hall of Blades.
 53217 | Vaults:3 | Reached XP level 21. HP: 121/136 MP: 32/32
 53454 | Vaults:3 | Found an ancient bone altar of Kikubaaqudgha.
 53454 | Vaults:3 | Found a staircase to the Crypt.
 53455 | Vaults:3 | Found a basalt altar of Yredelemnul.
 53894 | Vaults:4 | Received a gift from Okawaru
 54410 | Vaults:5 | Entered Level 5 of the Vaults
 55321 | Vaults:4 | Found Throucaa's Food Boutique.
 55570 | Vaults:4 | Got a warped ring mail
 55571 | Vaults:4 | Identified the cursed +2 ring mail of Darkness {Int+2} (You found it on level 4 of the Vaults)
 55989 | Vaults:4 | Received a gift from Okawaru
 56026 | Vaults:4 | Got a bone hand axe {god gift}
 56029 | Vaults:4 | Identified the +12,+9 hand axe of the Sage {elec, rPois} (Okawaru gifted it to you on level 4 of the Vaults)
 57067 | Vaults:4 | Reached XP level 22. HP: 84/144 MP: 32/32
 57258 | Vaults:5 | Noticed a golden dragon
 57288 | Vaults:5 | Noticed a golden dragon
 57315 | Vaults:5 | Received a gift from Okawaru
 57318 | Vaults:5 | Killed a golden dragon
 57362 | Vaults:5 | Reached skill level 15 in Conjurations
 59841 | Vaults:5 | Found Wieb's Book Boutique.
 59876 | Vaults:5 | Got a crude amber ring
 59908 | Vaults:5 | Noticed a golden dragon
 60151 | Vaults:4 | Received a gift from Okawaru
 60464 | Vaults:5 | Identified Vehumet's Guide on Attacks
 60683 | Vaults:5 | Reached skill level 10 in Charms
 61879 | Vaults:5 | Killed a golden dragon
 61879 | Vaults:5 | Reached XP level 23. HP: 55/149 MP: 33/33
 61900 | Vaults:5 | Got a silver rune of Zot
 62829 | Lair:2   | Identified the ring of Xaurait {Ice rN+ Dex+3} (You took it off a frost giant on level 5 of the Vaults)
 62928 | Slime:1  | Entered Level 1 of the Pits of Slime
 62996 | Slime:1  | Received a gift from Okawaru
 63390 | Slime:4  | Paralysed by a giant eyeball for 3 turns
 63398 | Slime:4  | Paralysed by a giant eyeball for 3 turns
 63555 | Slime:4  | Paralysed by a giant eyeball for 2 turns
 63563 | Slime:4  | Paralysed by a giant eyeball for 2 turns
 63573 | Slime:4  | Paralysed by a giant eyeball for 4 turns
 63686 | Slime:6  | Entered Level 6 of the Pits of Slime
 63704 | Slime:6  | Paralysed by a giant eyeball for 3 turns
 63711 | Slime:6  | Paralysed by a giant eyeball for 4 turns
 63821 | Slime:6  | Found a viscous altar of Jiyva.
 63835 | Slime:6  | Noticed the royal jelly
 63841 | Slime:6  | Paralysed by a great orb of eyes for 2 turns
 63870 | Slime:6  | HP: 5/149 [acid (3)]
 64249 | Slime:4  | Paralysed by a giant eyeball for 3 turns
 64279 | Slime:1  | Paralysed by a giant eyeball for 4 turns
 65185 | Crypt:1  | Entered Level 1 of the Crypt
 65233 | Crypt:1  | Reached skill level 1 in Translocations
 65523 | Crypt:1  | Reached skill level 18 in Shields
 65711 | Crypt:1  | Got a distressingly furry large shield
 65726 | Crypt:1  | Identified the -3 large shield "Ygaiph" {rF++} (You acquired it on level 1 of the Crypt)
 65895 | Crypt:1  | Reached skill level 19 in Shields
 66014 | Crypt:1  | Noticed a greater mummy
 66015 | Crypt:1  | Noticed a greater mummy
 66015 | Crypt:1  | Noticed Khufu
 66250 | Vaults:3 | Killed a greater mummy
 66560 | Vaults:3 | Killed Khufu
 66601 | Crypt:1  | Killed a greater mummy
 66714 | Crypt:1  | Paralysed by it for 5 turns
 67134 | Crypt:1  | Received a gift from Okawaru
 67197 | Crypt:1  | Identified the Tome of Necromancy and Good Luck
 67243 | Crypt:1  | Reached skill level 20 in Shields
 67531 | Crypt:2  | Found a staircase to the Tomb.
 67964 | Crypt:2  | Noticed Jorgrun
 67985 | Crypt:2  | Killed Jorgrun
 67985 | Crypt:2  | Reached XP level 24. HP: 128/156 MP: 33/33
 68074 | Crypt:2  | Noticed Jory
 68102 | Crypt:2  | Killed Jory
 68835 | Crypt:3  | Noticed Margery
 68852 | Crypt:3  | Killed Margery
 68955 | Crypt:3  | Reached skill level 21 in Shields
 69203 | Crypt:3  | Learned a level 3 spell: Regeneration
 69368 | Crypt:3  | Noticed Frederick
 69380 | Crypt:3  | Killed Frederick
 69826 | Crypt:4  | Reached skill level 5 in Translocations
 70445 | Crypt:4  | Received a gift from Okawaru
 70457 | Crypt:4  | Identified a +1 pair of elven boots of running (Okawaru gifted it to you on level 4 of the Crypt)
 70637 | Crypt:4  | Reached skill level 22 in Shields
 70781 | Crypt:5  | Entered Level 5 of the Crypt
 70835 | Crypt:5  | Paralysed by a vampire knight for 4 turns
 71599 | Crypt:5  | Paralysed by a vampire knight for 7 turns
 71602 | Crypt:5  | Slain by a flayed ghost

Action                   |  1- 3 |  4- 6 |  7- 9 | 10-12 | 13-15 | 16-18 | 19-21 | 22-24 || total
-------------------------+-------+-------+-------+-------+-------+-------+-------+-------++-------
Melee: Unarmed           |   116 |    78 |       |       |       |       |       |       ||   194
       Flail             |       |   145 |   387 |       |       |       |       |       ||   532
       Great mace        |       |       |   203 |   537 |   722 |       |       |       ||  1462
       Dire flail        |       |       |       |   344 |   137 |       |       |       ||   481
       Eveningstar       |       |       |       |       |   691 |  1580 |  1899 |  2383 ||  6553
 Cast: Mephitic Cloud    |       |       |       |       |    42 |    15 |    10 |     4 ||    71
       Swiftness         |       |       |       |       |       |     2 |     4 |     4 ||    10
       Deflect Missiles  |       |       |       |       |       |       |     1 |    22 ||    23
       Freezing Cloud    |       |       |       |       |       |       |     6 |     1 ||     7
       Regeneration      |       |       |       |       |       |       |       |     6 ||     6
Invok: Heroism           |       |       |       |    11 |     5 |     8 |     7 |     4 ||    35
       Finesse           |       |       |       |     1 |       |     4 |     2 |     6 ||    13
 Abil: Fly               |       |       |       |       |     1 |       |       |     1 ||     2
       Stop Flying       |       |       |       |       |       |       |       |     1 ||     1
Evoke: Wand              |       |       |     5 |     9 |    32 |    15 |    14 |    11 ||    86
       Rod               |       |       |       |     7 |       |       |       |       ||     7
       Miscellaneous     |       |       |       |       |       |       |       |     1 ||     1
  Use: Scroll            |       |     3 |    11 |    18 |    30 |    20 |    26 |    26 ||   134
       Potion            |       |     1 |       |     7 |     9 |    10 |    11 |     9 ||    47
 Stab: Invisible         |       |       |     2 |    10 |     3 |     5 |       |       ||    20
       Sleeping          |       |       |       |     7 |     6 |    12 |     6 |     5 ||    36
       Confused          |       |       |       |       |    25 |     6 |    12 |     4 ||    47
       Held in net/web   |       |       |       |       |     2 |       |       |       ||     2
       Distracted        |       |       |       |       |     1 |     1 |       |     1 ||     3
       Fleeing           |       |       |       |       |       |       |     2 |     1 ||     3
